Map: Lightshade LE

Players

LiquidClem (Clem) - Winner!

  • Race: Terran Terran
  • Spawn Location: 11:00

Neeb

  • Race: Protoss Protoss
  • Spawn Location: 5:00

Event: DreamHack SC2 Masters 2020 Winter

VOD

Have the link to the VOD?

Description

Time

  • Played on: Nov. 10, 2020, 9:55 a.m.
  • Length: 11:46
Show
View Real Time Build Order
Export as new Build Order

LiquidClem Terran - Winner!

Build Orders: 1/1/1 

Get SALT Encoding   

  12  0:00  SCV  
  13  0:12  SCV  
  14  0:17  Supply Depot  
  14  0:24  SCV  
  15  0:29  Refinery  
  15  0:38  SCV  
  16  0:45  Barracks  
  16  0:52  SCV  
  17  1:00  Engineering Bay  
  17  1:04  SCV  
  18  1:18  SCV  
  19  1:32  Marine  
  19  1:33  Orbital Command  
  19  1:37  Factory  
  20  1:41  Supply Depot  
  20  1:51  Barracks Reactor  
  20  1:58  SCV  
  21  2:10  SCV  
  22  2:17  Command Center  
  22  2:26  Starport  
  22  2:31  Hellion  
  22  2:36  Hellion  
  26  2:39  SCV  
  27  2:44  Supply Depot  
  27  2:56  Hellion  
  27  2:57  Hellion  
  31  3:06  Medivac, SCV  
  31  3:09  Refinery  
  31  3:12  Barracks Tech Lab  
  34  3:18  SCV  
  35  3:29  Orbital Command  
  35  3:30  SCV  
  36  3:36  Marine x2  
  38  3:42  Cyclone, SCV  
  42  3:54  SCV  
  41  3:55  Marine  
  41  3:56  Marine, SCV  
  44  4:06  SCV  
  44  4:08  SCV  
  44  4:13  Marine x2  
  44  4:14  Cyclone  
  47  4:18  Supply Depot  
  47  4:19  SCV  
  47  4:20  SCV  
  49  4:27  Barracks  
  49  4:31  SCV  
  50  4:33  SCV, Marine x2  
  50  4:34  Barracks  
  53  4:43  SCV  
  53  4:45  SCV  
  55  4:46  Siege Tank  
  55  4:48  Supply Depot  
  55  4:51  Marine x2  
  60  4:53  Medivac  
  60  4:57  Engineering Bay  
  62  5:03  Supply Depot  
  62  5:07  Refinery  
  62  5:09  SCV x2  
  62  5:10  Supply Depot  
  62  5:13  Marine x2  
  66  5:21  Stimpack  
  66  5:22  SCV x2, Marine  
  66  5:24  Factory Tech Lab  
  66  5:26  Supply Depot  
  66  5:28  Barracks Tech Lab  
  69  5:31  Marine  
  69  5:32  Marine  
  69  5:34  SCV  
  69  5:35  SCV  
  70  5:38  Starport Reactor  
  70  5:41  Terran Infantry Weapons Level 1  
  70  5:43  Marine  
  70  5:45  Supply Depot  
  70  5:46  SCV  
  74  5:50  Marauder  
  74  5:52  Marine  
  74  5:53  SCV  
  74  5:56  Marine  
  74  5:58  SCV  
  74  6:01  Marine  
  69  6:05  SCV  
  69  6:11  Marauder  
  69  6:12  Siege Tank  
  69  6:14  SCV  
  69  6:16  Refinery  
  69  6:17  SCV  
  73  6:20  Marine x2  
  73  6:21  Marauder  
  77  6:33  Marauder  
  77  6:35  Medivac x2  
  77  6:39  Marine x2  
  83  6:42  Marauder  
  82  6:47  Command Center  
  82  6:51  Siege Tank  
  87  6:54  Marauder, SCV  
  87  6:55  SCV  
  87  6:57  Combat Shield  
  87  6:59  Marine x2  
  91  7:07  Supply Depot  
  91  7:08  Marauder  
  93  7:15  Barracks  
  93  7:16  Barracks  
  93  7:17  SCV x2  
  93  7:19  Marine x2  
  97  7:24  Supply Depot  
  97  7:27  Siege Tank  
  100  7:32  Marauder x2  
  100  7:35  Concussive Shells  
  104  7:38  Marine x2  
  106  7:46  Viking x2  
  106  7:49  Supply Depot  
  110  7:51  Terran Infantry Armor Level 1  
  110  7:53  Marauder  
  110  7:55  Marauder, SCV  
  115  7:58  Marine x2  
  115  8:08  Barracks Tech Lab, Barracks Reactor  
  115  8:11  Siege Tank  
  108  8:15  SCV x2, Marauder  
  108  8:16  Marauder  
  108  8:18  Orbital Command  
  114  8:21  Marine x2  
  114  8:23  Viking  
  114  8:26  Viking  
  118  8:28  SCV  
  118  8:30  Marauder  
  121  8:37  Marauder, Supply Depot  
  121  8:39  SCV  
  121  8:40  SCV  
  125  8:43  Marine x2  
  125  8:46  Marauder  
  125  8:47  SCV  
  130  8:51  SCV  
  130  8:52  SCV  
  130  8:55  Siege Tank  
  135  9:03  SCV x2  
  135  9:04  SCV  
  135  9:05  Supply Depot  
  135  9:07  Viking  
  135  9:08  Viking  
  142  9:13  Marauder x2  
  142  9:15  Supply Depot  
  146  9:18  Marauder  
  146  9:21  Ghost Academy  
  146  9:22  Marine  
  149  9:27  Marine x3  
  152  9:31  Supply Depot  
  152  9:32  Siege Tank  
  152  9:36  Supply Depot  
  152  9:37  Refinery  
  156  9:39  Viking  
  156  9:40  Viking  
  156  9:42  Marauder  
  156  9:44  Marauder  
  163  9:47  Marine x2  
  165  9:53  Marine x2, Marauder  
  165  9:58  Supply Depot  
  169  10:03  Ghost  
  169  10:04  Marine x2  
  169  10:06  Ghost  
  174  10:10  Marine x2  
  174  10:12  Command Center  
  176  10:14  Refinery  
  176  10:19  Ghost  
  178  10:23  Marine x2  
  178  10:24  Supply Depot  
  178  10:26  Siege Tank  
  182  10:28  Marine  
  182  10:32  Supply Depot  
  182  10:33  Supply Depot  
  183  10:39  Marine x2  
  183  10:40  Marauder  
  183  10:42  Marine x2  
  188  10:46  Medivac x2  
  191  10:51  Marine  
  191  10:52  Marauder  
  191  10:53  Armory, Engineering Bay  
  194  10:57  Marauder  
  194  11:02  Marauder  
  194  11:03  SCV  
  194  11:04  SCV  
  194  11:09  SCV  
  188  11:13  Marauder  
  153  11:19  Marauder, SCV  
  153  11:21  SCV  
  153  11:23  Marauder  
  153  11:24  Marine  
  153  11:25  Marine x3  
  159  11:27  SCV  
  167  11:40  Missile Turret  
Show
View Real Time Build Order
Export as new Build Order

Neeb Protoss 

Build Orders: Phoenix Opening 

Get SALT Encoding   

  12  0:00  Probe  
  13  0:12  Probe  
  14  0:18  Pylon  
  14  0:26  Probe (Chrono Boost)  
  15  0:37  Gateway  
  15  0:38  Probe (Chrono Boost)  
  16  0:47  Assimilator, Probe (Chrono Boost)  
  17  0:53  Probe  
  18  1:05  Probe (Chrono Boost)  
  19  1:16  Probe (Chrono Boost)  
  20  1:21  Probe (Chrono Boost)  
  21  1:25  Cybernetics Core  
  21  1:49  Nexus  
  21  1:53  Probe  
  22  2:00  Assimilator  
  22  2:05  Pylon  
  22  2:08  Probe  
  23  2:21  Adept (Chrono Boost)  
  23  2:23  Probe  
  23  2:29  Stargate  
  26  2:36  Shield Battery  
  26  2:37  Probe  
  26  2:44  Adept  
  29  2:49  Probe  
  30  2:54  Shield Battery  
  30  3:01  Probe  
  30  3:02  Probe  
  32  3:09  Warp Gate  
  32  3:12  Phoenix (Chrono Boost)  
  32  3:14  Probe  
  32  3:16  Probe  
  36  3:21  Adept  
  39  3:27  Probe  
  39  3:30  Phoenix (Chrono Boost)  
  41  3:35  Probe  
  41  3:38  Pylon  
  41  3:40  Probe  
  42  3:51  Phoenix  
  42  3:54  Probe  
  44  3:58  Probe  
  45  4:10  Probe x2 (Chrono Boost)  
  46  4:18  Phoenix  
  46  4:20  Probe x2 (Chrono Boost)  
  46  4:22  Assimilator  
  50  4:24  Assimilator  
  50  4:25  Robotics Facility  
  50  4:26  Probe (Chrono Boost)  
  50  4:28  Probe (Chrono Boost)  
  52  4:31  Pylon  
  52  4:33  Probe  
  53  4:41  Probe  
  54  4:47  Pylon  
  54  4:49  Phoenix, Probe  
  57  4:55  Gateway  
  57  4:56  Gateway, Probe  
  58  5:03  Pylon  
  58  5:04  Probe  
  58  5:05  Sentry  
  61  5:09  Probe  
  61  5:12  Immortal (Chrono Boost)  
  62  5:20  Pylon  
  66  5:26  Robotics Bay  
  66  5:35  Stalker  
  68  5:37  Pylon  
  68  5:38  Probe x2  
  68  5:42  Immortal (Chrono Boost)  
  73  5:55  Zealot  
  73  5:56  Zealot  
  67  6:06  Phoenix  
  67  6:10  Stalker  
  67  6:19  Colossus (Chrono Boost)  
  67  6:21  Probe  
  67  6:22  Nexus  
  72  6:28  Probe  
  73  6:33  Probe  
  73  6:38  Pylon  
  74  6:40  Probe  
  74  6:41  Forge  
  74  6:45  Extended Thermal Lance  
  75  6:49  Forge  
  75  6:51  Probe  
  75  6:52  Probe  
  77  6:56  Twilight Council  
  77  6:58  Sentry  
  79  7:04  Probe  
  79  7:05  Colossus (Chrono Boost), Probe  
  81  7:11  Protoss Ground Weapons Level 1  
  87  7:16  Probe  
  87  7:17  Protoss Ground Armor Level 1  
  87  7:19  Probe  
  89  7:28  Zealot x2  
  89  7:29  Probe  
  94  7:31  Adept  
  94  7:33  Shield Battery  
  94  7:35  Probe  
  97  7:42  Pylon  
  97  7:46  Colossus (Chrono Boost)  
  103  7:52  Stalker x2  
  103  7:56  Pylon  
  103  7:58  Pylon  
  106  8:04  Probe x2  
  108  8:10  Probe  
  108  8:11  Charge  
  105  8:16  Zealot x3, Probe x2  
  113  8:22  Probe  
  112  8:29  Assimilator  
  112  8:30  Assimilator  
  112  8:32  Gateway  
  112  8:33  Gateway  
  112  8:34  Probe x2  
  112  8:36  Gateway, Observer (Chrono Boost)  
  112  8:40  Templar Archives  
  115  8:41  Zealot x2  
  115  8:42  Zealot  
  121  8:49  Gateway  
  121  8:51  Gateway  
  121  8:53  Warp Prism (Chrono Boost)  
  123  9:03  Gateway  
  123  9:07  Stalker x2  
  127  9:12  Pylon  
  127  9:15  Zealot  
  129  9:21  Pylon  
  129  9:23  Pylon  
  129  9:30  Immortal  
  133  9:34  Protoss Ground Weapons Level 2 (Chrono Boost), Protoss Ground Armor Level 2 (Chrono Boost)  
  133  9:35  High Templar x2  
  133  9:37  Zealot  
  139  9:40  Archon  
  139  9:43  Zealot  
  141  9:49  High Templar  
  141  9:50  High Templar, Pylon  
  145  9:57  Archon  
  144  10:01  Zealot  
  144  10:02  Zealot x2  
  150  10:08  Probe  
  150  10:09  Immortal  
  155  10:17  Pylon  
  155  10:18  High Templar x2  
  155  10:19  Pylon  
  159  10:24  Pylon  
  159  10:25  Nexus  
  159  10:27  Archon  
  159  10:49  Immortal  
  159  10:51  Zealot x6  
  159  10:52  Zealot  
  159  10:53  Zealot  
  161  11:17  Zealot x4  
  161  11:18  Zealot x4  
  98  11:39  High Templar x5  
  106  11:40  High Templar, Zealot, Sentry  
Tags
 
Add a new tag
Caveats
  • Supply blocks, unpowered buildings, or Contaminate may cause inaccurate times.
  • Supply counts are checked every 10 seconds.